 Dungeon Crawl Stone Soup version 0.29-a0-821-g66395355a5 (webtiles) character file.

Game seed: 4609575296700214692

473 jjjjhere the Chopper (level 7, -4/60 HPs)
             Began as a Meteoran Fighter on July 8, 2022.
             Was a Believer of Zin.
             Slain by Duvessa
             ... wielding a +0 rapier
              (7 damage)
             ... on level 5 of the Dungeon.
             The game lasted 00:05:15 (2011 turns).

jjjjhere the Chopper (Meteoran Fighter)             Turns: 2011, Time: 00:05:17

Health: -4/60      AC: 11    Str: 19    XL:     7   Next: 58%
Magic:  10/10      EV:  7    Int: 11    God:    Zin [**....]
Gold:   158        SH: 10    Dex: 13    Spells: 6/6 levels left

rFire   . . .      SeeInvis .   a - +0 war axe
rCold   . . .      Faith    .   c - +0 buckler
rNeg    . . .      Spirit   .   h - +0 chain mail
rPois   .          Reflect  +   f - +2 hat
rElec   .          Harm     .   (no cloak)
rCorr   .          Rampage  .   (no gloves)
Will    .....                   (no boots)
Stlth   ..........              o - amulet of reflection
HPRegen 0.20/turn               (no ring)
MPRegen 0.12/turn               (no ring)

@: mighty, hasted, glowing, very quick
A: sense surroundings 1, otherworldly, glowing, explore regen
a: Renounce Religion, Recite, Vitalisation, Donate Gold


You were on level 5 of the Dungeon.
You worshipped Zin.
Zin was pleased with you.
You visited 2 branches of the dungeon, and saw 6 of its levels.

You collected 175 gold pieces.
You donated 17 gold pieces to Zin.

Inventory:

Hand Weapons
 a - a +0 war axe (weapon)
Missiles
 k - 3 boomerangs (quivered)
Armour
 c - a +0 buckler (worn)
 f - a +2 hat (worn)
 h - a +0 chain mail (worn)
Jewellery
 o - an amulet of reflection (around neck)
 q - an amulet of the acrobat
Wands
 s - a wand of quicksilver (7)
Scrolls
 e - 2 scrolls of teleportation
 j - a scroll of identify
 n - a scroll of poison {unknown}
 p - a scroll of enchant weapon {unknown}
 w - a scroll of vulnerability {unknown}
Potions
 g - a potion of haste
 i - a potion of curing
 l - 3 potions of magic
 m - a potion of ambrosia {unknown}
 t - a potion of flight {unknown}
 u - 2 potions of resistance


   Skills:
 + Level 4.8 Fighting
 * Level 6.0 Axes
 - Level 3.6 Armour
 + Level 5.3 Shields
 + Level 3.6 Invocations


You had 6 spell levels left.
You didn't know any spells.
Your spell library contained the following spells:

 Spells                   Type           Power      Damage    Failure   Level
 Sublimation of Blood     Necr           0%         N/A       100%        2
 Wereblood                Tmut           0%         N/A       100%        2
 Ignite Poison            Fire/Tmut/Pois 0%         N/A       100%        3
 Mephitic Cloud           Conj/Pois/Air  0%         N/A       100%        3
 Freezing Cloud           Conj/Ice/Air   0%         6-21      100%        5
 Summon Hydra             Summ           0%         N/A       100%        7


Dungeon Overview and Level Annotations

Branches:
Dungeon (5/15) Zot: 920    Temple (1/1) D:4 Zot: 598

Altars:
Cheibriados
Dithmenos
Ru
Zin

Annotations:
D:5 Duvessa, Edmund


Innate Abilities, Weirdness & Mutations

You passively map a small area around you.
You are easily found by Zot.
You glow in the dark.
You regain HP and MP as you explore.


Message History

Dowan casts a spell.
Dowan blinks!
You feel very mighty all of a sudden.
You barely miss Duvessa.
Duvessa is lightly wounded.
You miss Dowan. Duvessa hits you but does no damage.
Dowan points at you and mumbles some strange words.
The puff of frost hits you.
* * * LOW HITPOINT WARNING * * *
You slash Duvessa!
Duvessa is heavily wounded.
You barely miss Dowan. Dowan hits you but does no damage.
You block Duvessa's attack.
You closely miss Duvessa.
Duvessa is heavily wounded.
You slash Dowan! Duvessa hits you with a +0 rapier.
* * * LOW HITPOINT WARNING * * *
Dowan gestures at you while chanting.
The puff of flame reflects off an invisible shield around you!
The puff of flame hits Dowan!
You kill Dowan!
Duvessa weeps, and shakes her weapon.
Duvessa goes berserk!
Your life force feels restored.
Your Axes skill increases to level 6!
You hit Duvessa but do no damage.
Duvessa is heavily wounded.
Duvessa hits you with a +0 rapier! Zin protects you from harm!
You closely miss Duvessa.
Duvessa is heavily wounded.
You block Duvessa's attack.
You barely miss Duvessa.
Duvessa is heavily wounded.
Duvessa hits you with a +0 rapier!
* * * LOW HITPOINT WARNING * * *
You slash Duvessa!
Duvessa is almost dead.
Duvessa hits you with a +0 rapier!
You die...

#######
#....(# *
#.###(# ,
#####.###.# *
#.S.....#.#
.....###.#.#.#
.# .##
##.#.#)## .#.#
#...e@..# .#..
, #.##.##.#
>.. .*#.##.#
.. , , #.
..##.# # * , *
#####.# #.#,,
#.#####.# ..#
* #.......#
#.#* #.#######


You could see Duvessa (berserk).

Vanquished Creatures
  A water moccasin (D:4)
  An ogre (D:4)
  A phantom (D:4)
  Dowan (D:5)
  An iguana (D:4)
  2 adders
  2 gnolls
  3 worms
  3 dart slugs
  5 orcs
  4 endoplasms
  3 giant cockroaches
  5 hobgoblins
  12 jackals
  5 quokkas
  4 ball pythons
  4 bats (D:1)
  A frilled lizard (D:3)
  2 goblins
  4 kobolds
  6 rats
70 creatures vanquished.

Notes
Turn   | Place    | Note
-------+----------+-------------------------------------------
     0 | D:1      | jjjjhere the Meteoran Fighter began the quest for the Orb.
     0 | D:1      | Reached XP level 1. HP: 19/19 MP: 2/2
   156 | D:1      | Reached XP level 2. HP: 25/26 MP: 3/3
   199 | D:1      | Reached skill level 3 in Axes
   283 | D:1      | Reached XP level 3. HP: 31/31 MP: 4/4
   297 | D:1      | Found a faded altar of an unknown god.
   305 | D:1      | Prayed at the altar of an unknown god.
   305 | D:1      | Became a worshipper of Zin the Law-Giver
   305 | D:1      | Reached * piety under Zin
   489 | D:2      | Reached ** piety under Zin
   513 | D:2      | Reached XP level 4. HP: 39/40 MP: 5/5
   647 | D:2      | Reached skill level 1 in Invocations
   845 | D:3      | Reached skill level 4 in Axes
   998 | D:3      | Reached XP level 5. HP: 44/46 MP: 5/7
  1158 | D:3      | Found a snail-covered altar of Cheibriados.
  1404 | D:4      | Noticed a phantom
  1425 | D:4      | Killed a phantom
  1426 | D:4      | Reached XP level 6. HP: 42/52 MP: 8/8
  1475 | D:4      | Found a sacrificial altar of Ru.
  1485 | D:4      | Found a shadowy altar of Dithmenos.
  1577 | D:4      | Found a staircase to the Ecumenical Temple.
  1579 | D:4      | Noticed a water moccasin
  1594 | D:4      | Killed a water moccasin
  1595 | D:4      | Reached skill level 5 in Axes
  1595 | D:4      | Reached skill level 5 in Shields
  1595 | D:4      | Reached XP level 7. HP: 45/60 MP: 8/10
  1606 | Temple   | Entered the Ecumenical Temple
  1875 | D:5      | Entered Level 5 of the Dungeon
  1951 | D:5      | Noticed Edmund
  1957 | D:5      | HP: 19/59 [Edmund/+1 dire flail of draining (14)]
  1977 | D:5      | Noticed Dowan
  1978 | D:5      | Noticed Duvessa
  1994 | D:5      | HP: 19/58 [Duvessa/+0 rapier (4)]
  2005 | D:5      | HP: 15/58 [Dowan/puff of frost (4)]
  2007 | D:5      | Killed Dowan
  2008 | D:5      | Reached skill level 6 in Axes
  2008 | D:5      | Zin protects you from harm!
  2010 | D:5      | HP: 2/60 [Duvessa/+0 rapier (8)]
  2011 | D:5      | Slain by Duvessa

Illustrated notes

Levels and vault maps discovered:
D:1:      roderic_chinese_lattice_arrival, layout_basic,
          ebering_ecumenical_altar_webs
D:2:      layout_loops_ring
D:3:      layout_basic, general_overflow_altar, chequers_mini_garden,
          minmay_misc_feat_secret_circle, minivault_4
D:4:      layout_basic, nicolae_overflow_hidden_temple,
          minmay_temple_entry_slanted
D:5:      layout_loops_cross, minmay_circle_x, uniq_duvessa, uniq_edmund,
          uniq_prince_ribbit1
Temple:   hellmonk_temple_beads

Skill      XL: |  1  2  3  4  5  6  7 |
---------------+----------------------+-----
Axes           | 3 4 5 6 |  6.0
Shields        | 4 5 |  5.3
Invocations    | 1 2 3 |  3.6
Fighting       | 4 |  4.8
Armour         | |  3.6

Action                   |  1- 3 |  4- 6 |  7- 9 || total
-------------------------+-------+-------+-------++-------
Melee: War axe           |    65 |   111 |    37 ||   213
Throw: Boomerang         |       |     3 |       ||     3
       Dart              |       |       |     7 ||     7
Invok: Vitalisation      |       |     1 |       ||     1
  Use: Scroll            |       |       |     6 ||     6
       Potion            |       |       |     3 ||     3
Armor: Scale mail        |    20 |       |       ||    20
       Chain mail        |    39 |    65 |     9 ||   113
Dodge: Dodged            |    38 |    34 |     4 ||    76
Block: Buckler           |    27 |    54 |    21 ||   102
       Reflection        |       |       |     1 ||     1

Table legend: (Time is in decaauts)
 A = Elapsed time spent in this place.
 B = Non-inter-level travel time spent in this place.
 C = Inter-level travel time spent in this place.
 D = Time resting spent in this place.
 E = Time spent auto-exploring this place.
 F = Levels seen in this place.
 G = Mean time per level.
                   A        B        C        D        E       F      G
               +--------+--------+--------+--------+--------+-----+--------+
         Total |   2080 |   1997 |     83 |    100 |   1035 |   6 |  346.7 |
       Dungeon |   2078 |   1995 |     83 |    100 |   1035 |   5 |  415.6 |
        Temple |      1 |      1 |      0 |      0 |      0 |   1 |    1.0 |
               +--------+--------+--------+--------+--------+-----+--------+

Top non-repeatable levels by time:
     D:3: 668 daAuts
     D:4: 562 daAuts
     D:2: 440 daAuts
     D:1: 337 daAuts
     D:5: 69 daAuts
  Temple: 1 daAuts
